 Dungeon Crawl Stone Soup version 0.17.0-56-gd8de76c (webtiles) character file.

1563 gorblad the Ruffian (level 8, -2/79 HPs)
             Began as a Troll Monk on Dec 5, 2015.
             Was a Priest of Dithmenos.
             Slain by an orc warrior
             ... wielding a +0 glaive
              (24 damage)
             ... on level 6 of the Dungeon.
             The game lasted 00:10:25 (4371 turns).

gorblad the Ruffian (Troll Monk)                    Turns: 4371, Time: 00:10:28

Health: -2/79      AC:  7    Str: 20    XL:     8   Next: 58%
Magic:  16/16      EV: 12    Int:  6    God:    Dithmenos [***...]
Gold:   435        SH:  0    Dex: 14    Spells: 0 memorised, 7 levels left

rFire  + . .     SeeInvis .       - Unarmed
rCold  . . .     Clarity  +     F - +2 robe {rF+}
rNeg   . . .     SustAt   .     (no shield)
rPois  .         Gourm    +     (helmet restricted)
rElec  .         Spirit   .     (no cloak)
rCorr  .         Warding  .     (gloves unavailable)
rMut   .         Stasis   .     (boots unavailable)
MR     .....                    o - amulet of clarity
Stlth  ++........               w - ring of flight
                                t - ring of magical power

@: wreathed by umbra, not resistant to hostile enchantments, unstealthy
A: unfitting armour, claws 3, fast metabolism 3, gourmand, regeneration 2,
shaggy fur 1, tough skin 2
a: Shadow Step, Renounce Religion, Evoke Flight


You were on level 6 of the Dungeon.
You worshipped Dithmenos.
Dithmenos was most pleased with you.
You were very full.

You visited 1 branch of the dungeon, and saw 6 of its levels.

You collected 435 gold pieces.

Inventory:

Armour
 a - a +2 robe
 y - a +0 ice dragon armour
 F - a +2 robe of fire resistance (worn)
Jewellery
 o - an amulet of clarity (around neck)
 t - a ring of magical power (left claw)
 w - a ring of flight (right claw)
Wands
 j - a wand of digging (6)
 v - a wand of confusion (28)
 C - a wand of lightning (6)
Scrolls
 f - 2 scrolls of fear {unknown}
 h - 6 scrolls of remove curse
 i - a scroll of magic mapping
 n - a scroll of enchant armour
 A - a scroll of blinking
 B - 2 scrolls of teleportation
 D - 2 scrolls of identify
 G - 2 scrolls of amnesia {unknown}
 I - a scroll of enchant weapon {unknown}
Potions
 e - 5 potions of flight {unknown}
 g - a potion of mutation {unknown}
 k - 2 potions of curing {unknown}
 l - a potion of invisibility {unknown}
 m - a potion of haste {unknown}
 q - 2 potions of poison {unknown}
 r - a potion of magic {unknown}
 s - a potion of cure mutation {unknown}
 u - a potion of agility {unknown}
 x - a potion of beneficial mutation {unknown}
 z - a potion of lignification {unknown}
 E - 2 potions of ambrosia {unknown}
Comestibles
 b - 4 bread rations
 c - a beef jerky
 d - 2 meat rations
 p - 2 slices of pizza
 H - 3 fruits


   Skills:
 + Level 4.9 Fighting
 + Level 5.8 Dodging
 + Level 2.3 Stealth
 + Level 7.5 Unarmed Combat


You had 7 spell levels left.
You didn't know any spells.

Dungeon Overview and Level Annotations

Branches:
Dungeon (6/15)             Temple (0/1) D:4

Altars:
Ashenzari
Dithmenos
Makhleb
Qazlal
Yredelemnul
Zin

Shops:
D:5 ?(


Innate Abilities, Weirdness & Mutations

You are too large for most types of armour.
You have claws for hands.
Your metabolism is lightning-fast.
You like to eat raw meat.
You heal very quickly.
You are covered in fur (AC +1).
You have very tough skin (AC +2).


Message History

The orc wizard is severely wounded.
The adder bites you but does no damage.
You claw the orc wizard!
You kill the orc wizard!
Dithmenos accepts your kill.
Dithmenos appreciates your extinguishing a source of fire.
The adder bites you but does no damage. The orc barely misses you.
The orc warrior barely misses you.
You are too injured to fight recklessly!
You are too injured to fight recklessly!
You are too injured to fight recklessly!
You are too injured to fight recklessly!
You are too injured to fight recklessly!
You mangle the orc!!
You kill the orc!
Dithmenos accepts your kill. The adder bites you but does no damage.
The orc barely misses you. The adder closely misses you.
The orc warrior hits you from afar with a glaive!!
You die...

#.#.#..............####.
#.#.#####..........# #.
#.#.# #..........# #.
#.... #..........# ##
#.. #..........# #...
#..........# .....
#..........#
#....###..........#
#...oo@.....#######
#....So.....#
.............#
.#############


You could see an orc warrior, an adder and 2 orcs.

Vanquished Creatures
  Sigmund (D:5)
  A sky beast (D:6)
  2 ice beasts
  An ogre (D:5)
  A centaur (D:6)
  A giant frog (D:6)
  A scorpion (D:5)
  A water moccasin skeleton (D:5)
  A crimson imp (D:5)
  A giant frog skeleton (D:6)
  Ijyb (D:3)
  5 orc wizards
  2 iguanas
  6 orc priests
  2 worker ants
  8 gnolls
  9 adders
  3 oozes
  An adder skeleton (D:4)
  A worm (D:2)
  2 giant geckos
  16 orcs
  A ball python (D:2)
  13 bats
  6 giant cockroaches
  4 goblins
  8 hobgoblins
  3 quokkas
  A giant cockroach zombie (D:5)
  6 giant newts
  17 jackals
  A jackal skeleton (D:5)
  7 kobolds
  3 quokka skeletons
  13 rats
150 creatures vanquished.

Notes
Turn   | Place    | Note
--------------------------------------------------------------
     0 | D:1      | gorblad the Troll Monk began the quest for the Orb.
     0 | D:1      | Reached XP level 1. HP: 22/22 MP: 0/0
    42 | D:1      | Reached XP level 2. HP: 21/29 MP: 1/1
   420 | D:1      | Reached XP level 3. HP: 36/36 MP: 2/2
   705 | D:2      | Found a glowing silver altar of Zin.
   757 | D:2      | Reached XP level 4. HP: 44/44 MP: 3/3
  1230 | D:3      | Reached XP level 5. HP: 50/52 MP: 4/4
  1409 | D:3      | Reached skill level 5 in Unarmed Combat
  1642 | D:3      | Noticed Ijyb
  1653 | D:3      | Killed Ijyb
  1784 | D:3      | Reached XP level 6. HP: 57/61 MP: 5/5
  1860 | D:3      | Found a shadowy altar of Dithmenos.
  2005 | D:3      | Became a worshipper of Dithmenos the Shadowed
  2005 | D:3      | Reached * piety under Dithmenos
  2005 | D:3      | Reached ** piety under Dithmenos
  2166 | D:4      | Found a staircase to the Ecumenical Temple.
  2401 | D:4      | Found a shattered altar of Ashenzari.
  2751 | D:4      | Found a basalt altar of Yredelemnul.
  2870 | D:4      | Found a stormy altar of Qazlal.
  2870 | D:4      | Found a burning altar of Makhleb.
  3162 | D:5      | Entered Level 5 of the Dungeon
  3196 | D:5      | Reached XP level 7. HP: 66/68 MP: 6/6
  3244 | D:5      | Noticed Sigmund
  3252 | D:5      | Killed Sigmund
  3252 | D:5      | Reached skill level 6 in Unarmed Combat
  3293 | D:5      | Found Lum Saist's Magic Scroll Shop.
  3593 | D:5      | Reached skill level 5 in Dodging
  3655 | D:5      | Reached *** piety under Dithmenos
  3655 | D:5      | Reached XP level 8. HP: 54/79 MP: 7/7
  3936 | D:5      | Found Hiyn Bedubb's Weapon Boutique.
  4061 | D:6      | Reached skill level 7 in Unarmed Combat
  4371 | D:6      | Slain by an orc warrior

Action                   |  1- 3 |  4- 6 |  7- 9 || total
-------------------------+-------+-------+-------++-------
Melee: Unarmed           |   120 |   181 |   128 ||   429
  Use: Scroll            |     3 |     7 |     1 ||    11
 Stab: Sleeping          |     3 |       |     2 ||     5
  Eat: Chunk             |    12 |    19 |    13 ||    44
